AoeStats
← storm

Scandinavia

510710603Analyzed
1v1 RM · 2d ago on Oct 2, 2026· 25m 36s· 2 players
Game mode
Random Map
Map size
Tiny (2 player)
Population
200
Speed
Normal
Resources
Standard
Victory
Conquest
Starting age
Dark Age
Ending age
Imperial Age
RankedLock teamsTeams togetherTeam positionsShared explorationLock speedFull tech treeHidden civsTurbo modeCheats
Victory
Defeat
🇨🇳 Burgundians · China
950
+16
🇰🇿 Georgians · Kazakhstan
951
-16
弼马温
6:43 Loom
9:17 Feudal Age
10:04 Double-Bit Axe
10:41 Horse Collar
17:11 Town Watch
21:52 Castle Age
20:30 Scale Barding Armor
20:48 Heavy Plow
21:11 Bow Saw
22:05 Forging
23:02 Chain Barding Armor
22:47 Husbandry
23:08 Husbandry
22:30 Cavalier
25:09 Wheelbarrow
storm
2:51 Loom
13:29 Feudal Age
14:00 Double-Bit Axe
14:00 Fishing Lines
24:14 Castle Age
23:08 Gold Mining
23:56 Wheelbarrow
25:05 Bow Saw
Connection lost

Rejoining the realm…

Still unreachable

The connection could not be restored.

Session expired

The server has moved on; the page needs a fresh start.